Map: Dusk Towers

Players

Miszu - Winner!

  • Race: Terran Terran
  • League: Master

Lisandro

  • Race: Protoss Protoss
  • League: Master

VOD

Have the link to the VOD?

Description

Time

  • Played on: April 19, 2016, 4:12 p.m.
  • Length: 12:50
Show
View Real Time Build Order
Export as new Build Order

Miszu Terran - Winner!

Build Orders: MMM Bio 

Get SALT Encoding   

  12  0:00  SCV  
  13  0:13  SCV  
  14  0:17  Supply Depot  
  14  0:25  SCV  
  15  0:39  Barracks, SCV  
  16  0:51  SCV  
  17  1:03  SCV  
  18  1:15  Command Center  
  18  1:26  Marine  
  18  1:28  Orbital Command  
  19  1:44  Marine  
  19  1:45  Barracks  
  20  1:50  Supply Depot  
  20  1:53  SCV  
  21  2:06  SCV  
  22  2:10  Barracks  
  22  2:13  Marine  
  23  2:18  SCV  
  24  2:27  Orbital Command  
  24  2:30  SCV  
  24  2:31  Marine  
  24  2:32  Marine  
  27  2:41  Refinery  
  27  2:42  Refinery, SCV  
  28  2:49  Marine x2  
  30  2:52  SCV  
  30  2:54  SCV  
  32  3:01  Marine  
  32  3:04  SCV  
  34  3:06  SCV  
  34  3:07  Marine  
  37  3:13  Barracks Tech Lab  
  37  3:16  SCV  
  37  3:18  Marine, SCV  
  39  3:20  Supply Depot  
  39  3:25  Marine  
  40  3:28  SCV  
  40  3:30  SCV  
  40  3:31  Marine  
  40  3:33  Stimpack  
  43  3:36  Marine  
  43  3:41  SCV  
  45  3:42  SCV  
  45  3:43  Supply Depot, Marine  
  47  3:49  Factory, Refinery, Marine  
  47  3:53  SCV  
  47  3:54  Marine, SCV  
  52  4:05  Engineering Bay, SCV  
  52  4:07  Marine, SCV  
  55  4:13  Barracks Reactor  
  55  4:14  Barracks Tech Lab  
  55  4:16  Barracks  
  54  4:17  Barracks, SCV  
  54  4:20  SCV  
  56  4:25  Marine  
  56  4:28  Supply Depot  
  56  4:29  SCV  
  58  4:32  SCV  
  58  4:33  Starport, Factory Reactor  
  58  4:37  Missile Turret  
  59  4:41  SCV  
  59  4:42  Missile Turret  
  59  4:44  Marine, SCV  
  62  4:47  Combat Shields  
  62  4:53  Supply Depot, SCV  
  62  4:56  SCV  
  62  4:59  Refinery  
  64  5:00  Marauder  
  64  5:01  Marine  
  64  5:02  Marine  
  64  5:06  Terran Infantry Weapons Level 1  
  68  5:16  Barracks Reactor, Barracks Tech Lab  
  68  5:20  SCV x2  
  70  5:21  Factory Reactor  
  70  5:25  Supply Depot  
  70  5:26  Supply Depot  
  70  5:31  Medivac x2  
  74  5:39  Marauder x2  
  78  5:47  Command Center  
  78  5:53  Marine x2  
  80  6:00  Supply Depot  
  80  6:01  Medivac x2  
  84  6:08  Marine, Marauder, Widow Mine  
  84  6:09  Marauder  
  91  6:13  Supply Depot  
  91  6:14  SCV  
  91  6:15  SCV  
  91  6:16  Marine  
  94  6:21  Marine  
  94  6:22  Marauder, Concussive Shells  
  97  6:27  Supply Depot  
  97  6:28  Marine  
  97  6:30  Marine  
  97  6:31  Medivac  
  101  6:39  Marauder, Widow Mine x2  
  107  6:45  Marauder  
  111  6:56  Marine x2  
  111  6:57  Marine x2  
  111  6:58  Medivac  
  111  7:00  Marauder  
  119  7:02  SCV, Orbital Command  
  119  7:03  SCV  
  121  7:11  Terran Infantry Armor Level 1  
  121  7:14  SCV  
  121  7:15  Engineering Bay, SCV  
  121  7:16  Armory  
  121  7:21  Marauder  
  123  7:24  Marauder  
  123  7:26  Widow Mine x2, SCV  
  123  7:27  SCV  
  129  7:38  SCV  
  129  7:39  Marauder  
  129  7:43  Marine, Marauder  
  132  7:44  Marine x2  
  132  7:50  Marauder  
  125  7:55  Marine  
  125  7:57  Widow Mine  
  125  7:58  Medivac x2  
  127  7:59  Widow Mine  
  127  8:00  Marauder  
  127  8:02  Marine  
  127  8:04  Marauder  
  133  8:11  Marauder  
  126  8:18  Marine  
  126  8:19  Marine x2  
  126  8:20  Marine  
  126  8:21  Marauder  
  126  8:24  Terran Infantry Weapons Level 2  
  126  8:25  Marine  
  130  8:28  Medivac  
  130  8:32  Marine  
  133  8:35  Widow Mine  
  133  8:37  Medivac  
  133  8:38  Widow Mine  
  133  8:42  Marine x3  
  133  8:48  Marauder  
  133  8:54  Marine  
  133  8:55  Marine, Marauder  
  124  8:59  Marine  
  113  9:04  Marine  
  109  9:10  Marauder  
  109  9:13  Marauder  
  109  9:16  Marauder  
  104  9:22  Marine x2  
  104  9:23  Marine x2, Hellion  
  104  9:24  Hellion, Medivac x2  
  115  9:31  Marauder  
  115  9:35  Barracks, Marauder  
  115  9:36  Barracks  
  115  9:37  Marauder  
  119  9:39  Marine  
  119  9:40  Marine  
  119  9:41  Marine x2  
  119  9:43  Widow Mine  
  119  9:44  SCV, Widow Mine  
  124  9:46  SCV x2  
  124  9:47  Terran Infantry Armor Level 2  
  128  9:52  Marauder  
  128  9:56  Marauder, SCV  
  128  9:57  Marine  
  128  9:58  SCV  
  133  10:13  Barracks  
  133  10:15  SCV x2  
  133  10:16  Marauder  
  133  10:17  Command Center  
  133  10:37  Marine  
  133  10:38  SCV  
  133  10:39  SCV x2  
  133  10:40  Marine x2  
  116  11:21  Marine x3  
  116  11:22  Marine x2  
  98  11:32  Marine  
  85  11:38  Marine  
  85  11:39  Marine  
  76  11:49  Marine  
  75  11:56  Marine  
  65  12:43  Starport Tech Lab  
Show
View Real Time Build Order
Export as new Build Order

Lisandro Protoss 

Build Orders: 1 Gate Expand 

Get SALT Encoding   

  12  0:01  Probe (Chrono Boost)  
  13  0:12  Probe (Chrono Boost)  
  14  0:18  Pylon  
  14  0:22  Probe (Chrono Boost)  
  15  0:36  Probe (Chrono Boost)  
  15  0:38  Gateway  
  16  0:47  Probe (Chrono Boost)  
  16  0:48  Assimilator  
  17  0:57  Probe (Chrono Boost)  
  18  1:08  Probe (Chrono Boost)  
  19  1:23  Nexus  
  19  1:29  Cybernetics Core  
  20  1:32  Probe (Chrono Boost)  
  20  1:43  Assimilator  
  20  1:46  Probe (Chrono Boost)  
  21  1:57  Probe (Chrono Boost)  
  22  2:16  Pylon  
  22  2:17  Probe (Chrono Boost)  
  22  2:19  Warp Gate  
  23  2:34  Adept, Mothership Core (Chrono Boost)  
  27  2:37  Probe (Chrono Boost)  
  28  2:47  Nexus  
  28  2:48  Probe (Chrono Boost)  
  29  2:52  Probe (Chrono Boost)  
  30  2:58  Probe (Chrono Boost)  
  30  3:03  Robotics Facility, Probe (Chrono Boost)  
  32  3:09  Adept  
  32  3:12  Probe (Chrono Boost)  
  35  3:17  Probe (Chrono Boost)  
  36  3:23  Probe (Chrono Boost)  
  37  3:28  Probe (Chrono Boost)  
  37  3:29  Pylon  
  37  3:33  Probe (Chrono Boost)  
  39  3:36  Pylon  
  39  3:39  Probe (Chrono Boost)  
  40  3:43  Probe (Chrono Boost)  
  40  3:45  Gateway  
  41  3:49  Probe (Chrono Boost)  
  41  3:51  Observer (Chrono Boost)  
  41  3:53  Probe  
  41  3:54  Gateway  
  44  3:58  Probe  
  44  4:01  Probe  
  46  4:03  Probe  
  46  4:06  Twilight Council  
  46  4:09  Probe  
  47  4:11  Observer (Chrono Boost)  
  47  4:13  Probe  
  47  4:14  Probe  
  51  4:18  Pylon  
  51  4:19  Probe  
  51  4:23  Adept  
  54  4:24  Probe  
  54  4:25  Probe  
  54  4:30  Probe (Chrono Boost)  
  56  4:34  Pylon  
  56  4:36  Probe (Chrono Boost)  
  56  4:37  Probe (Chrono Boost)  
  59  4:38  Observer (Chrono Boost)  
  59  4:39  Blink (Chrono Boost)  
  59  4:42  Probe (Chrono Boost)  
  59  4:45  Gateway  
  61  4:47  Probe (Chrono Boost)  
  61  4:48  Probe (Chrono Boost)  
  61  4:52  Assimilator  
  63  4:53  Probe (Chrono Boost)  
  63  4:56  Assimilator  
  63  4:58  Probe (Chrono Boost)  
  63  4:59  Probe (Chrono Boost)  
  66  5:00  Adept  
  66  5:03  Pylon, Probe (Chrono Boost)  
  66  5:05  Stalker  
  71  5:08  Probe (Chrono Boost)  
  71  5:09  Probe (Chrono Boost)  
  71  5:13  Stalker  
  76  5:14  Probe (Chrono Boost)  
  76  5:19  Probe (Chrono Boost)  
  76  5:20  Probe (Chrono Boost)  
  78  5:24  Probe (Chrono Boost)  
  78  5:26  Pylon, Stalker  
  81  5:29  Probe (Chrono Boost)  
  81  5:30  Probe (Chrono Boost)  
  81  5:31  Pylon  
  81  5:34  Pylon  
  81  5:35  Probe (Chrono Boost)  
  84  5:39  Forge, Sentry  
  84  5:40  Stalker, Probe (Chrono Boost)  
  84  5:41  Probe (Chrono Boost)  
  91  5:43  Warp Prism  
  91  5:49  Probe (Chrono Boost)  
  93  5:53  Gateway x2  
  93  5:55  Stalker  
  95  5:58  Pylon  
  95  6:01  Gateway  
  95  6:08  Adept, Assimilator  
  95  6:09  Adept x2  
  101  6:12  Gateway  
  101  6:13  Protoss Ground Weapons Level 1 (Chrono Boost)  
  101  6:16  Immortal  
  101  6:19  Gateway  
  101  6:23  Gateway  
  105  6:27  Pylon  
  105  6:30  Adept  
  105  6:31  Adept  
  109  6:36  Stalker  
  109  6:37  Stalker  
  113  6:44  Pylon  
  113  6:46  Resonating Glaives  
  113  6:53  Immortal  
  117  7:03  Pylon  
  117  7:05  Nexus  
  117  7:09  Pylon  
  117  7:10  Stalker  
  117  7:11  Stalker  
  117  7:12  Pylon  
  121  7:18  Stalker x2  
  121  7:19  Stalker  
  121  7:22  Stalker  
  129  7:24  Pylon  
  129  7:31  Stalker  
  129  7:32  Stalker  
  129  7:36  Adept  
  135  7:37  Adept x3  
  136  7:45  Adept  
  136  7:46  Adept  
  136  7:48  Photon Cannon  
  130  7:52  Adept x2  
  129  8:03  Protoss Ground Armor Level 1 (Chrono Boost)  
  119  8:06  Stalker x2  
  117  8:14  Probe  
  117  8:16  Warp Prism  
  117  8:17  Photon Cannon  
  117  8:18  Probe  
  117  8:19  Pylon  
  117  8:23  Stalker x3  
  125  8:30  Adept x2  
  125  8:32  Adept  
  128  8:47  Immortal, Probe x2  
  128  8:48  Probe  
  102  9:03  Probe  
  102  9:04  Adept x4  
  102  9:05  Probe x3  
  110  9:13  Adept x2  
  102  9:17  Probe  
  102  9:19  Probe  
  102  9:21  Adept  
  102  9:22  Adept, Probe  
  98  9:36  Stalker  
  98  9:37  Stalker x2  
  98  9:38  Probe  
  105  9:44  Probe  
  105  9:45  Probe  
  105  9:46  Probe  
  105  9:48  Protoss Ground Weapons Level 2 (Chrono Boost)  
  105  9:52  Sentry x2  
  108  9:53  Sentry  
  112  10:10  Adept x2, Stalker  
  112  10:11  Stalker x2  
  112  10:13  Probe  
  112  10:14  Probe  
  124  10:16  Probe  
  125  10:21  Probe  
  125  10:25  Probe  
  125  10:26  Probe  
  125  10:28  Probe  
  129  10:32  Probe (Chrono Boost)  
  123  10:41  Adept x6  
  126  10:44  Mothership Core (Chrono Boost)  
  124  10:55  Adept  
  124  11:10  Pylon  
  124  11:12  Pylon  
  112  11:26  Pylon  
  112  11:28  Pylon  
  112  11:29  Pylon  
  102  11:36  Zealot x2  
  104  11:41  Gateway  
  96  12:00  Zealot  
  74  12:24  Gateway  
  74  12:25  Gateway  
  74  12:26  Gateway  
Tags
 
Add a new tag
Caveats
  • Supply blocks, unpowered buildings, or Contaminate may cause inaccurate times.
  • Supply counts are checked every 10 seconds.